[Event "*** Titled Tuesday Blitz"]
[Site "Chess.com"]
[Date "2020.05.05"]
[Round "4"]
[White "VincentKeymer"]
[Black "AnishGiri"]
[Result "0-1"]
[WhiteElo "2719"]
[BlackElo "3056"]
[TimeControl "180+1"]
[EndTime "10:41:06 PDT"]
[Termination "AnishGiri won by resignation"]

1. Nf3 d5 2. e3 Nf6 3. c4 c6 4.
Nc3 e6 5. b3 Bd6 6. Bb2 O-O 7.
Qc2 b6 8. Rg1 Bb7 9. g4 c5 10.
cxd5 exd5 11. g5 Nh5 12. Bd3 g6 13. Ne2 d4 14. Be4 Qe7 15. Bxb7 Qxb7 16. Nh4 Nc6 17. a3 Ne5 18. exd4 cxd4 19. Bxd4 Rac8 20. Qb1 Rfe8 21.
Be3 Nf3+ 22. Nxf3 Qxf3 23. Ng3 Be5 24. Qd1 Qd5 25. Nxh5 Bxa1 26. Qxa1 gxh5 27. b4 Rc4 28.
Ke2 Qb5 29. Kf3 Rh4 30. Qf6 Qd5+ 31. Ke2 Re6 32. Qb2 Rc4 33. Rc1 Rxc1 34. Qxc1 Rc6 35.
Qb2 Qc4+ 36. d3 Qc2+ 37. Qxc2 Rxc2+ 38. Kf3 Kf8 39. a4 Ra2 40. a5 bxa5 41. Bxa7 a4 42. b5 Rb2 43. Bc5+ Ke8 44. b6 Kd7 45. Ke4 Kc6 46.
d4 Rxf2 47. h4 Rh2 48. Kd3 Rxh4 49. Kc4 Rg4 50. Kb4 h4 51. Ka5 Kb7 0-1

[Event "*** Titled Tuesday Blitz"]
[Site "Chess.com"]
[Date "2020.05.05"]
[Round "4"]
[White "SCIM"]
[Black "chito89"]
[Result "0-1"]
[WhiteElo "2523"]
[BlackElo "2784"]
[TimeControl "180+1"]
[EndTime "10:41:06 PDT"]
[Termination "chito89 won on time"]

1. d4 Nf6 2. c4 e6 3. g3 Bb4+ 4. Bd2 a5 5. Bg2 d6 6. Nf3 Nbd7 7. O-O e5 8. Bg5 exd4 9. Nxd4 h6 10. Bf4 Ne5 11.
Nd2 O-O 12. Rc1 Ng6 13. N2f3 Nxf4 14. gxf4 a4 15. e3 c6 16. Kh1 Bg4 17. Rg1 Qd7 18.
Qc2 Rfe8 19. Nh4 Ra5 20. a3 Rh5 21. axb4 Rxh4 22. Qxa4 Bh3 23. Nf3 Rh5 24. Bxh3 Rxh3 25.
Qd1 Ne4 26. Qe2 Qf5 27. Rg2 Re6 28. Rcg1 Rg6 29. Rxg6 fxg6 30. Rg2 Nf6 31. Ng1 Rh5 32. Qf3 Qb1 33. b5 d5 34. bxc6 bxc6 35. cxd5 Rxd5 36. h3 Rd1 37. Kh2 Kh7 38. Qxc6 Qxb2 39. Qf3 Qb1 40. Qc6 Rc1 41. Qf3 Ne4 42. Qg4 Nd2 43. Nf3 Nf1+ 0-1

[Event "*** Titled Tuesday Blitz"]
[Site "Chess.com"]
[Date "2020.05.05"]
[Round "4"]
[White "zubridis"]
[Black "Mikozovna"]
[Result "1-0"]
[WhiteElo "2453"]
[BlackElo "2255"]
[TimeControl "180+1"]
[EndTime "10:41:06 PDT"]
[Termination "zubridis won on time"]

1. e4 c5 2. Nf3 d6 3. d4 cxd4 4.
Qxd4 Nc6 5. Bb5 Bd7 6. Bxc6 Bxc6 7. Nc3 Nf6 8. Bg5 e6 9. O-O-O Be7 10. Qd3 O-O 11. Nd4 Bd7 12. f4 h6 13. h4 Rc8 14.
Nde2 Bc6 15. Bxf6 Bxf6 16. g4 Bxh4 17. Kb1 Bf6 18. g5 Bxc3 19. Nxc3 Qb6 20. Qg3 d5 21. Rxh6 Rfd8 22. f5 gxh6 23. gxh6+ Kf8 24. fxe6 Ke7 25. exd5 Be8 26. Qg5+ Kd6 27. Qf4+ Ke7 28. Qh4+ Kd6 29. Qf4+ Ke7 30. Qg5+ Kd6 31. h7 Bb5 32. Ne4+ Kc7 33. e7 Re8 34. d6+ Kb8 35. Qe5 Bd7 36. Nf6 Qc6 37. c3 Rh8 38. Rg1 Be6 39. Re1 Qc4 40. d7+ 1-0

[Event "*** Titled Tuesday Blitz"]
[Site "Chess.com"]
[Date "2020.05.05"]
[Round "4"]
[White "zmeeed67"]
[Black "Efremov_Vlad"]
[Result "0-1"]
[WhiteElo "2382"]
[BlackElo "2136"]
[TimeControl "180+1"]
[EndTime "10:41:06 PDT"]
[Termination "Efremov_Vlad won on time"]

1. d4 d5 2. c4 e6 3. Nc3 Nf6 4. cxd5 Nxd5 5. e4 Nxc3 6. bxc3 c5 7. Nf3 cxd4 8. cxd4 Bb4+ 9. Bd2 Bxd2+ 10. Qxd2 O-O 11. Rd1 b6 12. Bd3 Bb7 13. O-O Nd7 14. Rfe1 Rc8 15.
Bb1 Nf6 16. Qf4 Qc7 17. Qh4 h6 18. Re3 Rfd8 19. h3 b5 20. Ne5 Rxd4 21. Rxd4 Qxe5 22.
Rd1 a5 23. f4 Qc5 24. Qf2 b4 25.
Re2 Qb5 26. Rc2 Rxc2 27. Bxc2 g6 28. Rd8+ Kg7 29. Qd4 a4 30. g4 b3 31. axb3 axb3 32. Bb1 b2 33. h4 Qe2 34. g5 Qe1+ 35. Kh2 Qe2+ 36. Kg1 Qe1+ 37. Kg2 Qe2+ 38. Qf2 Qxf2+ 39.
Kxf2 Nxe4+ 40. Bxe4 Bxe4 41. gxh6+ Kxh6 0-1

[Event "*** Titled Tuesday Blitz"]
[Site "Chess.com"]
[Date "2020.05.05"]
[Round "4"]
[White "M1711"]
[Black "RaunakSadhwani2005"]
[Result "0-1"]
[WhiteElo "2541"]
[BlackElo "2868"]
[TimeControl "180+1"]
[EndTime "10:41:08 PDT"]
[Termination "RaunakSadhwani2005 won by resignation"]

1. d4 Nf6 2. c4 Nc6 3. Nf3 e6 4. Nc3 Bb4 5. Qc2 d6 6. Bd2 Qe7 7. a3 Bxc3 8. Bxc3 e5 9. dxe5 dxe5 10. e3 a5 11. Be2 a4 12. O-O O-O 13. Rad1 Bg4 14. Rd2 Nd7 15. Rfd1 f6 16. Nh4 Bxe2 17.
Rxd7 Bxd1 18. Qxd1 Rad8 19. Rd5 Qc5 20. Qd3 Rxd5 21. cxd5 Ne7 22. e4 Rd8 23. g4 c6 24.
Bb4 Qc1+ 25. Kg2 Ng6 26. Nxg6 hxg6 27. d6 Qxb2 28. Qc4+ Kh7 29. Qe6 Qd4 30. f3 c5 31.
Qe7 Qxd6 32. Qxd6 Rxd6 33. Bxc5 Rd2+ 34. Kg3 Rd3 35. h4 Rb3 36. Bd6 b5 37. g5 b4 38.
gxf6 gxf6 39. Be7 bxa3 40. Bxf6 Rb5 41. f4 a2 42. Bxe5 Rxe5 43. fxe5 0-1

[Event "*** Titled Tuesday Blitz"]
[Site "Chess.com"]
[Date "2020.05.05"]
[Round "4"]
[White "Igrok3069"]
[Black "Trankuilizer"]
[Result "1-0"]
[WhiteElo "2768"]
[BlackElo "2515"]
[TimeControl "180+1"]
[EndTime "10:41:08 PDT"]
[Termination "Igrok3069 won by resignation"]

1. d4 d5 2. c4 e6 3. Nc3 Nf6 4. cxd5 exd5 5. Bg5 Be7 6. e3 c6 7. Bd3 Nbd7 8. Nf3 Nh5 9. Bxe7 Qxe7 10. O-O O-O 11. Rb1 Nhf6 12. Qc2 Re8 13. b4 a6 14. a4 Nb6 15. Ne5 g6 16. f4 Ng4 17. Rfe1 Nh6 18.
a5 Nd7 19. e4 Nf6 20. exd5 cxd5 21. h3 Nf5 22. Ng4 Be6 23. Qf2 Qd8 24. Nxf6+ Qxf6 25. Re5 Rec8 26. Na4 Rc7 27. Nc5 Rd8 28. Rbe1 Bc8 29. g4 Nd6 30. Rxd5 h6 31. Re2 Kg7 32. Kh2 Nb5 33. Rxd8 Qxd8 34. Bxb5 axb5 35. Qe3 Qf6 36. Qe5 Rc6 37. d5 Rd6 38. Qxf6+ Kxf6 39. Ne4+ Ke7 40.
Nxd6+ Kxd6 41. Rd2 Bd7 42. Kg3 f5 43. g5 h5 44. Kf3 Be8 45. Ke3 1-0

[Event "*** Titled Tuesday Blitz"]
[Site "Chess.com"]
[Date "2020.05.05"]
[Round "4"]
[White "Kopytkin"]
[Black "StephenDedalus83"]
[Result "0-1"]
[WhiteElo "2355"]
[BlackElo "2681"]
[TimeControl "180+1"]
[EndTime "10:41:08 PDT"]
[Termination "StephenDedalus83 won on time"]

1. e4 c5 2. d4 cxd4 3. c3 Nf6 4.
e5 Nd5 5. cxd4 d6 6. Bc4 Nb6 7.
Bb5+ Nc6 8. Nf3 d5 9. Be3 Bg4 10. Nbd2 e6 11. h3 Bh5 12. O-O Be7 13. Rc1 Rc8 14. Be2 O-O 15. a3 a5 16. Nb3 Na4 17.
Qd2 Qb6 18. Nc5 Bxc5 19. dxc5 Qxb2 20. Rc2 Qb3 21. Rcc1 Bxf3 22. gxf3 Nxe5 23. Rb1 Qxa3 24. Ra1 Qb3 25. Rfb1 Qc3 26. Rxa4 Qxd2 27. Bxd2 Rxc5 28. Rxa5 Rc2 29. Bf4 Rxe2 30. Kf1 Nd3 31. Kxe2 Nxf4+ 32. Kd2 Nxh3 33. Rxb7 Nxf2 34. Raa7 Nh3 35. Ke3 Ng5 36. Kf4 h6 37. Rd7 Nh7 38. Ke5 Nf6 39. Rdb7 Nh5 40. f4 g6 41. Ra6 Ng3 42. Rab6 h5 43.
Rb8 Rxb8 44. Rxb8+ Kg7 45. Rb1 Nf5 46. Rh1 h4 47.
Rh2 d4 48. Rh3 Kh6 49. Kf6 Kh5 50. Kxf7 Kg4 51. Rh1 Kxf4 52. Kxe6 Kg4 53. Ke5 h3 54.
Ke4 Ng3+ 55. Kxd4 Nxh1 0-1

[Event "*** Titled Tuesday Blitz"]
[Site "Chess.com"]
[Date "2020.05.05"]
[Round "4"]
[White "platy3"]
[Black "Guenplen"]
[Result "0-1"]
[WhiteElo "2708"]
[BlackElo "2947"]
[TimeControl "180+1"]
[EndTime "10:41:09 PDT"]
[Termination "Guenplen won on time"]

1. e4 c5 2. Nf3 e6 3. d4 cxd4 4. Nxd4 Nc6 5. Nc3 a6 6. Nxc6 bxc6 7. Bd3 d5 8. O-O Nf6 9. Qe2 Be7 10. Bd2 O-O 11. Rae1 Bb7 12. f4 c5 13. exd5 Nxd5 14.
f5 exf5 15. Rxf5 Bf6 16. Rxd5 Bxd5 17. Qh5 Bd4+ 18. Be3 Bxe3+ 19. Rxe3 f5 20. Bxf5 Rxf5 21. Qxf5 Bf7 22. Rf3 Qd4+ 23. Kh1 Bg6 24. Qe6+ Kh8 25. h3 Bxc2 26. Qc6 Rg8 27. Qxa6 h6 28. Qe2 Bh7 29.
Qe3 Rd8 30. Qxd4 cxd4 31. Nd1 Bc2 32. Rf1 Rb8 33. Kg1 d3 34. b3 Re8 35. Nc3 d2 36. Kf2 Rc8 37. Nd1 Rf8+ 38. Ke2 Rxf1 39. Ne3 d1=Q+ 40. Nxd1 Rxd1 0-1

[Event "*** Titled Tuesday Blitz"]
[Site "Chess.com"]
[Date "2020.05.05"]
[Round "4"]
[White "Szczor"]
[Black "MathiasWomacka"]
[Result "1-0"]
[WhiteElo "2640"]
[BlackElo "2439"]
[TimeControl "180+1"]
[EndTime "10:41:09 PDT"]
[Termination "Szczor won by resignation"]

1. d4 Nf6 2. c4 e6 3. Nf3 Bb4+ 4. Nbd2 O-O 5. g3 b6 6. Bg2 Bb7 7. O-O Be7 8. Qc2 c5 9. e4 Qc8 10. d5 d6 11. b3 e5 12. Nh4 g6 13. Bb2 Nh5 14.
Nhf3 f5 15. exf5 gxf5 16. Bh3 Ng7 17. Ne1 Qe8 18. f4 Qh5 19. Bg2 Nd7 20. fxe5 Nxe5 21.
h3 Bg5 22. Nd3 Qe2 23. Nxe5 dxe5 24. Bc3 Be3+ 25. Kh2 f4 26. gxf4 Bxf4+ 27. Kh1 Nh5 28. Rf3 Ng3+ 29. Rxg3+ Bxg3 30. Qe4 Qxe4 31. Nxe4 Bf4 32.
Rg1 Kh8 33. Bf3 Rg8 34. Bg4 Raf8 35. Nd6 Ba8 36. Re1 Rg5 37. Ne4 h5 38. Nxg5 hxg4 39.
Bxe5+ Bxe5 40. Rxe5 gxh3 41. Nxh3 Rf3 42. Ng5 Kg7 43.
Nxf3 1-0

[Event "*** Titled Tuesday Blitz"]
[Site "Chess.com"]
[Date "2020.05.05"]
[Round "4"]
[White "GasconJR"]
[Black "Orest_Vovk"]
[Result "1-0"]
[WhiteElo "2601"]
[BlackElo "2420"]
[TimeControl "180+1"]
[EndTime "10:41:09 PDT"]
[Termination "GasconJR won on time"]

1. Nf3 Nf6 2. g3 Nc6 3. d4 e6 4.
Bg2 d6 5. O-O e5 6. dxe5 Nxe5 7.
Nxe5 dxe5 8. Qxd8+ Kxd8 9. Rd1+ Bd6 10. Nc3 Ke7 11. Bg5 Be6 12. Nd5+ Bxd5 13. Bxd5 h6 14. Bxf6+ Kxf6 15. Bxb7 Rab8 16. Bd5 Rxb2 17. Bb3 a5 18. Rd3 Ke7 19. a4 Rd8 20. Rad1 c6 21. Kg2 f6 22. Kf3 c5 23. Rc3 Rc8 24. Rc4 Rb8 25. Ke4 R8xb3 26.
cxb3 Rxe2+ 27. Kf3 Rb2 28. Rc3 f5 29. g4 e4+ 30. Kg2 f4 31. Re1 e3 32. Kg1 Kf6 33. fxe3 f3 34. Rf1 Bxh2+ 35. Kh1 Kg5 36. Rxf3 Kxg4 37.
e4 Bf4 38. Rf1 h5 39. Rg1+ Kh4 40. Re1 Kg4 41. e5 h4 42. e6 h3 43. e7 Rh2+ 44. Kg1 Rg2+ 45. Kf1 Bg3 46. Re4+ Kf5 47.
Rxg3 Rxg3 48. e8=Q h2 49. Qe5+ 1-0

[Event "*** Titled Tuesday Blitz"]
[Site "Chess.com"]
[Date "2020.05.05"]
[Round "4"]
[White "almatyonelove"]
[Black "StockholmMissile"]
[Result "0-1"]
[WhiteElo "2570"]
[BlackElo "2414"]
[TimeControl "180+1"]
[EndTime "10:41:09 PDT"]
[Termination "StockholmMissile won on time"]

1. d4 d5 2. c4 c6 3. Nf3 Nf6 4. e3 a6 5. Qc2 Bg4 6. Ne5 Bh5 7.
Bd3 Nbd7 8. f4 e6 9. O-O Nxe5 10. fxe5 Nd7 11. Nd2 Be7 12. e4 Bg6 13. exd5 exd5 14.
cxd5 cxd5 15. Bxg6 hxg6 16. Nf3 Qb6 17. Qa4 Qb5 18.
Qxb5 axb5 19. Bg5 Bb4 20. a3 Ba5 21. Rac1 Bb6 22. Be3 O-O 23. Rc3 Rfc8 24. Rfc1 Rxc3 25. Rxc3 b4 26. axb4 Nf8 27. Kf2 Ne6 28. Ra3 Rc8 29. Rc3 Ra8 30. Kg3 Kf8 31. h4 Ke8 32. Kf2 Kd7 33. g4 Ra2 34. Rb3 Ra1 35. Rd3 Rb1 36.
Rd2 Rc1 37. h5 gxh5 38. gxh5 Rh1 39. h6 gxh6 40. Kg2 Rc1 41. Bxh6 Rc4 42. Be3 Rxb4 43. Kg3 Rb3 44. Bf2 Ng5 45. e6+ fxe6 46. Kf4 Nxf3 47. Rc2 Nxd4 0-1

[Event "*** Titled Tuesday Blitz"]
[Site "Chess.com"]
[Date "2020.05.05"]
[Round "4"]
[White "Margarita2907"]
[Black "Loiacono_Antonio"]
[Result "0-1"]
[WhiteElo "1979"]
[BlackElo "2375"]
[TimeControl "180+1"]
[EndTime "10:41:09 PDT"]
[Termination "Loiacono_Antonio won by resignation"]

1. d4 d5 2. Nf3 Nf6 3. e3 c6 4. b3 Bg4 5. Be2 e6 6. O-O Nbd7 7. Bb2 Bd6 8. Nbd2 Qc7 9. h3 Bh5 10. c4 O-O 11. c5 Be7 12. b4 a6 13. Ne5 Bxe2 14. Qxe2 Nxe5 15. dxe5 Nd7 16. f4 f6 17. exf6 Bxf6 18. Bxf6 Nxf6 19. Nf3 Ne4 20. Qe1 a5 21. a3 axb4 22. axb4 b6 23. Nd4 Rfe8 24. Rxa8 Rxa8 25. Nxe6 Qe7 26. f5 bxc5 27. bxc5 h6 28. Qb4 Kh7 29. Qd4 Ra2 30. Ra1 Rd2 31. Qb4 Qh4 32. Rf1 Qg3 33. Nf4 Qxe3+ 34. Kh2 Qg3+ 35. Kg1 Rf2 36. Rxf2 Qxf2+ 37. Kh1 Qxf4 38. Qb2 Qxf5 39. Qb6 Qf1+ 40. Kh2 Qf4+ 41. Kg1 Qe3+ 42. Kh2 Qxc5 43. Qxc5 0-1

[Event "*** Titled Tuesday Blitz"]
[Site "Chess.com"]
[Date "2020.05.05"]
[Round "4"]
[White "Nikithebest"]
[Black "narutosmith"]
[Result "0-1"]
[WhiteElo "2438"]
[BlackElo "2278"]
[TimeControl "180+1"]
[EndTime "10:41:10 PDT"]
[Termination "narutosmith won by checkmate"]

1. e4 c5 2. Nf3 e6 3. d3 Nc6 4. g3 g6 5. d4 cxd4 6. Nxd4 d5 7.
Nxc6 bxc6 8. Bg2 Bg7 9. O-O Ne7 10. exd5 exd5 11. Re1 O-O 12. Bg5 Be6 13. Nc3 Rb8 14. Na4 h6 15. Be3 Qa5 16. b3 Nf5 17. Bc5 Rfd8 18.
Rb1 Rb5 19. Ba3 c5 20. Bf1 c4 21. Bb2 Bxb2 22. Rxb2 Qc7 23. Rb1 d4 24. Rxe6 fxe6 25. Bxc4 Re5 26. Qd2 Qd6 27. g4 Nh4 28. Qxh6 Qe7 29.
f4 Re3 30. g5 Nf3+ 31. Kf2 Nd2 32. Qxg6+ Kf8 33. Bd3 Qf7 34. Qh6+ Ke7 35. g6 Qf6 36.
Qh7+ Kd6 37. Qf7 Rf8 38. Rd1 Qh4+ 39. Kg2 Rxf7 40. gxf7 Qg4+ 41. Kf2 Qf3+ 42. Kg1 Qxd1+ 43. Kg2 Qf3+ 44. Kg1 Re1+ 45. Bf1 Rxf1# 0-1

[Event "*** Titled Tuesday Blitz"]
[Site "Chess.com"]
[Date "2020.05.05"]
[Round "4"]
[White "Frogo47"]
[Black "Borsuk_Konstantin"]
[Result "0-1"]
[WhiteElo "2423"]
[BlackElo "2630"]
[TimeControl "180+1"]
[EndTime "10:41:11 PDT"]
[Termination "Borsuk_Konstantin won by resignation"]

1. e4 e6 2. d4 d5 3. Nc3 Bb4 4. e5 b6 5. a3 Bf8 6. Bb5+ c6 7. Ba4 a5 8. Bb3 c5 9. Ba4+ Bd7 10. Bxd7+ Qxd7 11. Nf3 Nc6 12. Ne2 a4 13. O-O Nge7 14. b3 axb3 15. cxb3 Nf5 16. Bb2 Be7 17. g4 Nh6 18. h3 Ng8 19. Kg2 h5 20. Ng3 g6 21.
Rc1 Qb7 22. gxh5 gxh5 23. dxc5 bxc5 24. h4 Nh6 25. Ng5 Rb8 26. Qxh5 Qxb3 27. Ba1 Kd7 28. Nxf7 Nxf7 29. Qxf7 Rbf8 30. Qg6 Qf3+ 31. Kg1 Rfg8 32. Rc3 Qxf2+ 33. Rxf2 Rxg6 34. Kf1 Rxh4 35. Ke2 Nd4+ 36. Kd2 Rhg4 37. Ne2 Bg5+ 38. Kd3 c4+ 39. Rxc4 dxc4+ 40. Kxc4 Nxe2+ 41. Kb5 Nd4+ 42. Kb6 Be7 43. Rd2 Ke8 44. Bxd4 Re4 45. Bc5 Bxc5+ 46. Kxc5 Rxe5+ 47. Kd6 Rd5+ 48. Rxd5 exd5+ 49. Kxd5 Kd7 0-1

[Event "*** Titled Tuesday Blitz"]
[Site "Chess.com"]
[Date "2020.05.05"]
[Round "4"]
[White "saraswathii"]
[Black "Lupul_Cenusiu"]
[Result "1-0"]
[WhiteElo "2321"]
[BlackElo "2508"]
[TimeControl "180+1"]
[EndTime "10:41:11 PDT"]
[Termination "saraswathii won on time"]

1. e4 c5 2. Nf3 e6 3. d3 Nc6 4.
g3 d6 5. Bg2 Nf6 6. O-O Be7 7.
Qe2 O-O 8. c3 Rb8 9. d4 cxd4 10.
cxd4 e5 11. d5 Nb4 12. Nc3 Bd7 13. Be3 a5 14. Rac1 a4 15. Rfd1 Rc8 16. Nd2 Ng4 17.
Nc4 Nxe3 18. Nxe3 Qa5 19. a3 Na6 20. Nc4 Qc5 21. Bf1 Qa7 22. Ne3 Nc5 23. Nf5 Bxf5 24.
exf5 Nb3 25. Rb1 Nd4 26. Qg4 Qa5 27. Ne4 f6 28. Nc3 Rc7 29. h4 Rfc8 30. h5 Kh8 31.
h6 Rg8 32. hxg7+ Rxg7 33. Qh5 Rc8 34. Rbc1 Rcg8 35. Bh3 Qa7 36. Rd3 Qa6 37. Qd1 Bd8 38. Bf1 Qa7 39. Bh3 Bb6 40. Kg2 Nb3 41. Rc2 Nd4 42. Rcd2 Nb3 43. Re2 Bxf2 44. Rxf2 Rxg3+ 45. Rxg3 Rxg3+ 46. Kxg3 1-0

[Event "*** Titled Tuesday Blitz"]
[Site "Chess.com"]
[Date "2020.05.05"]
[Round "4"]
[White "ChessQueen"]
[Black "wonderfultime"]
[Result "0-1"]
[WhiteElo "2703"]
[BlackElo "2925"]
[TimeControl "180+1"]
[EndTime "10:41:12 PDT"]
[Termination "wonderfultime won by resignation"]

1. Nf3 Nf6 2. g3 d5 3. Bg2 Bg4 4. O-O e6 5. d4 Nbd7 6. h3 Bh5 7. c4 c6 8. cxd5 cxd5 9. Qb3 Qb6 10. Nc3 Bd6 11. Qxb6 Nxb6 12. e4 Bb4 13. e5 Nfd7 14. Nb5 O-O 15. a3 Be7 16. Nc3 Rfc8 17. g4 Bg6 18.
Rd1 Nc4 19. Bf1 a6 20. h4 h5 21. gxh5 Bxh5 22. Be2 Rc6 23. Ng5 Bxg5 24. hxg5 Bg6 25.
Kg2 Na5 26. Be3 Nb3 27. Ra2 Rac8 28. Rh1 Nb6 29. Bd1 Na5 30. Ra1 Nbc4 31. Bc1 b5 32. Rh3 Kf8 33. Rh8+ Ke7 34. Rxc8 Rxc8 35. Be2 Nc6 36.
Be3 Nxb2 37. a4 b4 38. Bxa6 Rb8 39. Nb5 Nc4 40. Nd6 N6a5 41. Bb5 b3 42. Bc1 b2 43.
Bxb2 Nxb2 44. Rc1 Nbc4 45. Nxc4 dxc4 46. f4 Be4+ 47. Kf2 Rh8 48. Ke3 Bd5 0-1

[Event "*** Titled Tuesday Blitz"]
[Site "Chess.com"]
[Date "2020.05.05"]
[Round "4"]
[White "TerorPtica"]
[Black "fmshawnrl123"]
[Result "0-1"]
[WhiteElo "2837"]
[BlackElo "2701"]
[TimeControl "180+1"]
[EndTime "10:41:12 PDT"]
[Termination "fmshawnrl123 won on time"]

1. d4 Nf6 2. c4 e6 3. Nc3 Bb4 4. e3 O-O 5. Bd3 d5 6. Nf3 c5 7. O-O Nc6 8. cxd5 exd5 9. dxc5 Bg4 10. Bd2 Bxc5 11. Be2 Re8 12. Rc1 Rc8 13. Nb5 Bb6 14. h3 Bh5 15. Bc3 Ne4 16. Nbd4 Nxc3 17. Rxc3 Bg6 18.
Nxc6 bxc6 19. b4 Qd6 20. Qa4 d4 21. Rd1 Re4 22. Rcd3 Qf6 23. Nxd4 Rce8 24. R3d2 c5 25. bxc5 Bxc5 26. Bf3 R4e7 27. Qc6 Qg5 28. Nb3 Bb6 29. Rd5 Qh4 30. Nd4 h5 31. Qc3 Rc7 32. Qd2 Rec8 33.
Ne2 Rc2 34. Qe1 Re8 35. Nd4 Rxa2 36. Nb5 Rxf2 37. Qxf2 Bxe3 38. R5d2 Bxf2+ 39. Rxf2 Qa4 40. Nc3 Qb4 41. Rc1 Qf8 42. Nd5 Rd8 43. Rd2 Kh7 44.
Rcd1 Re8 45. Nc7 Qc5+ 46. Kh1 Qxc7 0-1

[Event "*** Titled Tuesday Blitz"]
[Site "Chess.com"]
[Date "2020.05.05"]
[Round "4"]
[White "bazar-wokzal"]
[Black "annamaja"]
[Result "1-0"]
[WhiteElo "2528"]
[BlackElo "2305"]
[TimeControl "180+1"]
[EndTime "10:41:12 PDT"]
[Termination "bazar-wokzal won by resignation"]

1. e4 c6 2. d4 d5 3. e5 Bf5 4. Nc3 e6 5. g4 Bg6 6. Nge2 Nd7 7. Be3 Ne7 8. Qd2 c5 9. f4 h5 10. f5 exf5 11. g5 cxd4 12. Nxd4 Nxe5 13. O-O-O N7c6 14. Nxc6 bxc6 15. Bd4 Bd6 16. Re1 Qe7 17. Qe3 Nf3 18.
Qxe7+ Bxe7 19. Rxe7+ Kxe7 20. Bxg7 Nxg5 21. Bxh8 Rxh8 22.
h4 Ne6 23. Bg2 f4 24. Rf1 Kd6 25. Ne2 Re8 26. Kd2 c5 27. Nxf4 Nxf4 28. Rxf4 d4 29. b4 Rb8 30. bxc5+ Kxc5 31. Be4 Bxe4 32. Rxe4 f6 33.
Rf4 Kc4 34. Rxf6 Rg8 35. Rc6+ Kd5 36. Rh6 Rg2+ 37. Kd3 Rg3+ 38. Kd2 Rg2+ 39. Kc1 Kc4 40. Rxh5 Rh2 41. Rh7 d3 42. Rc7+ Kd4 43. Rd7+ Kc3 44. Rxd3+ Kc4 45. Ra3 Rh1+ 46. Kb2 Rxh4 47. Ra4+ Kb5 48.
Rxh4 a5 49. a4+ 1-0

[Event "*** Titled Tuesday Blitz"]
[Site "Chess.com"]
[Date "2020.05.05"]
[Round "4"]
[White "WonderChampion"]
[Black "AlanZhang"]
[Result "0-1"]
[WhiteElo "1823"]
[BlackElo "2178"]
[TimeControl "180+1"]
[EndTime "10:41:12 PDT"]
[Termination "AlanZhang won by checkmate"]

1. e4 e5 2. Nf3 Nc6 3. Bc4 Bc5 4. c3 Nf6 5. d3 d6 6. Nbd2 Bb6 7. O-O O-O 8. Re1 h6 9. Nf1 Re8 10. Ng3 Be6 11. Bxe6 Rxe6 12. d4 exd4 13. cxd4 d5 14. e5 Nd7 15. Be3 f6 16. Qb3 Ne7 17.
Bf4 Ng6 18. Bd2 c6 19. exf6 Qxf6 20. Rxe6 Qxe6 21. Re1 Qf6 22. Qe3 Ndf8 23. Nh5 Qf5 24. Ng3 Qf6 25. h3 Bc7 26. Ne2 Kf7 27. Nc3 Ne6 28.
Bc1 Re8 29. Qd3 Nef4 30. Bxf4 Nxf4 31. Qd2 Qg6 32. g3 Nxh3+ 33. Kh2 Qg4 34. Rxe8 Kxe8 35.
Qe3+ Kf7 36. Ne5+ Bxe5 37. dxe5 Ng5 38. e6+ Qxe6 39. Qf4+ Ke7 40. Qc7+ Kf8 41. Qd8+ Kf7 42. Qc7+ Kg8 43. Qd8+ Kh7 44. Qc7 Qh3+ 45. Kg1 Nf3# 0-1

[Event "*** Titled Tuesday Blitz"]
[Site "Chess.com"]
[Date "2020.05.05"]
[Round "4"]
[White "1977Ivan"]
[Black "Witaliss"]
[Result "0-1"]
[WhiteElo "2631"]
[BlackElo "2484"]
[TimeControl "180+1"]
[EndTime "10:41:13 PDT"]
[Termination "Witaliss won on time"]

1. e4 c6 2. d4 d5 3. e5 Bf5 4. h4 c5 5. dxc5 Nc6 6. Bb5 Qa5+ 7. Nc3 O-O-O 8. Bxc6 bxc6 9. Qd4 e6 10. b4 Qa6 11. Nge2 Bxc2 12. Rh3 Ne7 13. Bg5 h6 14. Bxe7 Bxe7 15. Kd2 Bf5 16. g4 Bh7 17. a4 Qc4 18. Nb5 cxb5 19. axb5 Kb8 20. Rha3 Rd7 21. b6 Rb7 22. Rxa7 Bxh4 23. Rxb7+ Kxb7 24. Ra7+ Kb8 25. Qxc4 dxc4 26. Nd4 Be4 27. c6 Bxf2 28. c7+ Kc8 29.
Nb5 Kd7 30. Nd6 Rc8 31. Nxc4 Bd5 32. Nd6 Bxb6 33. Nxc8 Kxc8 34. Ra1 Bxc7 35. Rf1 Bxe5 36. Rxf7 Bf6 37. Kd3 Bf3 38. b5 Bxg4 39. b6 Bf3 40.
Kc4 h5 41. Kc5 h4 42. Rc7+ Kb8 43. Rd7 h3 44. Rd2 Bg2 0-1

[Event "*** Titled Tuesday Blitz"]
[Site "Chess.com"]
[Date "2020.05.05"]
[Round "4"]
[White "Irina_Barchuk"]
[Black "Teo2000"]
[Result "1-0"]
[WhiteElo "2206"]
[BlackElo "2394"]
[TimeControl "180+1"]
[EndTime "10:41:13 PDT"]
[Termination "Irina_Barchuk won by resignation"]

1. e4 e5 2. Nf3 f5 3. Nxe5 Qf6 4.
d4 d6 5. Nf3 fxe4 6. Ng5 Bf5 7.
Bc4 Nh6 8. Nc3 c6 9. d5 Nd7 10.
Ncxe4 Qe5 11. O-O O-O-O 12. dxc6 bxc6 13. Ba6+ Kb8 14. Nc3 Nc5 15. Re1 Qf6 16. Nge4 Nxe4 17. Nxe4 Bxe4 18. Rxe4 d5 19. Bf4+ Ka8 20. Ra4 Bc5 21.
Qd3 Ng4 22. Rf1 g5 23. Bg3 Rhf8 24. Rxg4 h5 25. Ra4 h4 26. Bc7 Rd7 27. Ba5 Re7 28.
Bc3 Qd6 29. Bd4 Ref7 30. Qe3 Bxd4 31. Qxd4 Rf4 32. Bb7+ Kxb7 33. Rxa7+ Kc8 34. Ra8+ Kd7 35. Qa7+ Ke6 36. Qe3+ Re4 37. Qh3+ g4 38. Qa3 Rxa8 39. Qxa8 g3 40. Qg8+ Kd7 41. hxg3 hxg3 42. Qxg3 Qe6 43. Qh3 Rg4 44. f3 Rg6 45. Qxe6+ Rxe6 46. Kf2 Kd6 47. Re1 Kc5 48. Rxe6 1-0

[Event "*** Titled Tuesday Blitz"]
[Site "Chess.com"]
[Date "2020.05.05"]
[Round "4"]
[White "BvsN"]
[Black "Boudicca64"]
[Result "1-0"]
[WhiteElo "2368"]
[BlackElo "1941"]
[TimeControl "180+1"]
[EndTime "10:41:13 PDT"]
[Termination "BvsN won on time"]

1. d4 Nf6 2. c4 e6 3. Nc3 d5 4.
cxd5 exd5 5. Bg5 c6 6. e3 Qb6 7.
Qc2 Ne4 8. Bf4 Na6 9. a3 Qa5 10. Rc1 Bf5 11. Bd3 Nxc3 12. Qxc3 Qxc3+ 13. Rxc3 Bxd3 14. Rxd3 Kd7 15. Nf3 f6 16. Ke2 Bd6 17. Bxd6 Kxd6 18. Rc1 Rhc8 19. b4 Nc7 20. Rdc3 a5 21. Rb3 axb4 22. Rxb4 b5 23. Rb3 Ra4 24. Nd2 Na8 25. Nb1 Nb6 26. Nc3 Ra5 27. Ra1 Rca8 28. Kd3 Nc4 29. a4 bxa4 30. Rb7 R8a7 31. Rb8 a3 32. Ra2 Kc7 33. Rg8 Kd6 34. e4 Rb7 35. exd5 cxd5 36. Rd8+ Ke6 37. Re2+ Kf7 38. Na2 Rb2 39. Rc8 Rxe2 40.
Kxe2 Rb5 41. Kd3 Rb2 42. Nc3 Rb3 43. Ra8 Nb2+ 44. Kc2 Rb7 45. Nxd5 Nc4 46. Nc3 Rb2+ 47. Kc1 1-0

[Event "*** Titled Tuesday Blitz"]
[Site "Chess.com"]
[Date "2020.05.05"]
[Round "4"]
[White "XDPS"]
[Black "LiemLe"]
[Result "1-0"]
[WhiteElo "2726"]
[BlackElo "2963"]
[TimeControl "180+1"]
[EndTime "10:41:14 PDT"]
[Termination "XDPS won by checkmate"]

1. e4 e5 2. Nf3 Nc6 3. Bb5 a6 4. Ba4 Nf6 5. O-O Bc5 6. Nc3 b5 7. Bb3 d6 8. Nd5 Rb8 9. c3 Nxd5 10. exd5 Ne7 11. d4 exd4 12. Nxd4 O-O 13. Bg5 Bb7 14. Re1 Re8 15. Nc6 Bxc6 16. dxc6 h6 17. Qh5 d5 18.
Bxe7 Rxe7 19. Bxd5 Bb6 20. Kf1 Kf8 21. Rxe7 Qxe7 22.
Re1 Qf6 23. Bf3 Rd8 24. Qg4 g6 25. Qe4 Rd2 26. Re2 Rd1+ 27. Re1 Rd2 28. Re2 Qd6 29. g3 Rd5 30. Qxd5 Qf6 31. Kg2 h5 32. Qe5 Qxe5 33.
Rxe5 Kg7 34. h4 Kf6 35. Re8 Bc5 36. Bd5 a5 37. f4 b4 38. cxb4 Bxb4 39. Kf3 Bc5 40.
b3 Bb4 41. g4 hxg4+ 42. Kxg4 Kg7 43. f5 Kf6 44. fxg6 fxg6 45. Re6+ Kf7 46. Re4+ Kf6 47.
Rf4+ Ke5 48. Bc4 Bd2 49. Rf7 Kd6 50. Rf6+ Kc5 51. Rxg6 a4 52. h5 a3 53. h6 Bxh6 54. Rxh6 Kd4 55. Rh7 Kc3 56. Rxc7 Kb2 57. Ra7 Kxa2 58. c7 Kb2 59. c8=Q a2 60. Qh8+ Kb1 61. Qh1+ Kc2 62. Qg2+ Kc3 63. Qf3+ Kb4 64. Ra4+ Kc5 65. Qd5+ Kb6 66. Ra6+ Kc7 67. Qd6+ Kb7 68. Qc6+ Kb8 69.
Ra8# 1-0